2391 views
Uploaded 2022-04-17 02:55:26
Game version 1.32.10
45:51 long 4on4 ladder game on (8)Sanctuary_LV
Saved by GIGA
2391 views
Uploaded 2022-04-17 02:55:26
Game version 1.32.10
45:51 long 4on4 ladder game on (8)Sanctuary_LV


245 units @ 36k
/ 5.4k
124 buildings @ 23.1k
/ 11.3k



| Rod of Necromancy | 5 | 750 |
| Potion of Mana | 3 | 600 |
| Potion of Healing | 5 | 750 |
| Orb of Corruption | 3 | 1125 |
| Scroll of Town Portal | 7 | 2450 |
| Scroll of Healing | 3 | 750 |
| Dust of Appearance | 1 | 75 |
| Potion of Lesser Invulnerability | 1 | 150 |
| total: | 28 | 6650g |
| Acolyte | 16 | 1200 | / | 0 |
| Ghoul | 9 | 1080 | / | 0 |
| Crypt Fiend | 6 | 1290 | / | 240 |
| Obsidian Statue | 6 | 1200 | / | 210 |
| Gargoyle | 1 | 175 | / | 30 |
| Frost Wyrm | 7 | 2695 | / | 840 |
| Meat Wagon | 9 | 2070 | / | 450 |
| total: | 54 | 9710g | / | 1770w |
| Nerubian Tower | 2 | 200 | / | 40 |
| Spirit Tower | 9 | 1305 | / | 360 |
| Ziggurat | 14 | 2100 | / | 700 |
| Crypt | 1 | 200 | / | 50 |
| Graveyard | 1 | 215 | / | 0 |
| Altar of Darkness | 1 | 180 | / | 50 |
| Tomb of Relics | 2 | 260 | / | 60 |
| Necropolis | 2 | 450 | / | 0 |
| Slaughterhouse | 3 | 420 | / | 405 |
| Boneyard | 2 | 350 | / | 400 |
| Halls of the Dead | 1 | 320 | / | 210 |
| Black Citadel | 1 | 325 | / | 230 |
| total: | 26 | 4175g | / | 1665w |
| 0:04 | Acolyte |
| 0:04 | Acolyte |
| 0:07 | Ziggurat |
| 0:12 | Crypt |
| 0:40 | Graveyard |
| 1:00 | Altar of Darkness |
| 1:16 | Tomb of Relics |
| 1:23 | Ghoul |
| 1:41 | Ghoul |
| 1:58 | Ghoul |
| 2:03 | Crypt Fiend |
| 2:26 | Ghoul |
| 2:30 | Ziggurat |
| 2:57 | Ziggurat |
| 3:04 | Rod of Necromancy |
| 3:05 | Acolyte |
| 3:07 | Death Coil |
| 3:42 | Crypt Fiend |
| 3:45 | Crypt Fiend |
| 4:42 | Unholy Aura |
| 4:47 | Necropolis |
| 4:52 | Crypt Fiend |
| 5:26 | Halls of the Dead |
| 6:06 | Creature Attack |
| 6:18 | Acolyte |
| 6:18 | Acolyte |
| 6:18 | Acolyte |
| 6:19 | Acolyte |
| 6:27 | Crypt Fiend |
| 6:29 | Nerubian Tower |
| 6:35 | Rod of Necromancy |
| 7:26 | Ziggurat |
| 7:31 | Death Coil |
| 7:50 | Slaughterhouse |
| 8:00 | Burrow |
| 8:09 | Black Citadel |
| 8:11 | Improved Creature Attack |
| 8:49 | Rod of Necromancy |
| 8:49 | Potion of Mana |
| 9:28 | Frost Nova |
| 9:41 | Obsidian Statue |
| 9:41 | Obsidian Statue |
| 9:48 | Scroll of Town Portal |
| 9:49 | Potion of Healing |
| 9:50 | Rod of Necromancy |
| 9:52 | Unholy Aura |
| 10:11 | Creature Carapace |
| 10:14 | Ziggurat |
| 11:40 | Scroll of Town Portal |
| 11:43 | Orb of Corruption |
| 11:49 | Potion of Healing |
| 11:52 | Destroyer Form |
| 11:53 | Obsidian Statue |
| 11:59 | Advanced Creature Attack |
| 12:03 | Boneyard |
| 12:05 | Boneyard |
| 12:15 | Improved Creature Carapace |
| 12:28 | Web |
| 12:43 | Frost Armor |
| 13:21 | Freezing Breath |
| 13:41 | Ziggurat |
| 14:04 | Gargoyle |
| 14:12 | Spirit Tower |
| 14:13 | Spirit Tower |
| 14:15 | Spirit Tower |
| 14:32 | Scroll of Town Portal |
| 14:51 | Ghoul |
| 14:51 | Ghoul |
| 14:53 | Ghoul Frenzy |
| 15:02 | Orb of Corruption |
| 15:02 | Rod of Necromancy |
| 15:03 | Potion of Healing |
| 15:04 | Potion of Mana |
| 15:04 | Scroll of Healing |
| 15:13 | Impale |
| 15:23 | Frost Wyrm |
| 15:26 | Ghoul |
| 15:27 | Ghoul |
| 15:53 | Spirit Tower |
| 15:54 | Ziggurat |
| 16:06 | Ziggurat |
| 16:27 | Frost Wyrm |
| 16:30 | Scroll of Town Portal |
| 16:34 | Potion of Healing |
| 16:46 | Ziggurat |
| 16:47 | Ziggurat |
| 16:51 | Acolyte |
| 17:05 | Advanced Creature Carapace |
| 17:09 | Ghoul |
| 19:10 | Scroll of Town Portal |
| 19:38 | Acolyte |
| 19:38 | Acolyte |
| 19:38 | Acolyte |
| 19:39 | Acolyte |
| 20:27 | Frost Wyrm |
| 20:37 | Scroll of Town Portal |
| 20:49 | Necropolis |
| 20:57 | Ziggurat |
| 20:58 | Ziggurat |
| 20:59 | Ziggurat |
| 21:36 | Frost Nova |
| 21:38 | Spiked Carapace |
| 21:45 | Death Coil |
| 21:51 | Nerubian Tower |
| 21:52 | Spirit Tower |
| 21:55 | Tomb of Relics |
| 22:04 | Spirit Tower |
| 22:05 | Spirit Tower |
| 22:07 | Ziggurat |
| 23:05 | Frost Wyrm |
| 23:37 | Spirit Tower |
| 24:07 | Scroll of Town Portal |
| 24:09 | Orb of Corruption |
| 27:37 | Impale |
| 27:45 | Frost Wyrm |
| 28:11 | Frost Armor |
| 28:59 | Animate Dead |
| 29:34 | Frost Wyrm |
| 29:46 | Spirit Tower |
| 30:29 | Potion of Mana |
| 30:29 | Potion of Healing |
| 30:30 | Scroll of Healing |
| 31:05 | Frost Wyrm |
| 31:31 | Obsidian Statue |
| 32:03 | Crypt Fiend |
| 36:14 | Exhume Corpses |
| 36:15 | Meat Wagon |
| 36:25 | Spiked Carapace |
| 37:09 | Slaughterhouse |
| 37:10 | Slaughterhouse |
| 37:38 | Frost Nova |
| 38:50 | Scroll of Healing |
| 38:51 | Dust of Appearance |
| 38:52 | Potion of Lesser Invulnerability |
| 39:04 | Acolyte |
| 39:04 | Acolyte |
| 39:05 | Acolyte |
| 39:05 | Acolyte |
| 39:32 | Meat Wagon |
| 39:32 | Meat Wagon |
| 41:18 | Meat Wagon |
| 41:18 | Meat Wagon |
| 41:58 | Obsidian Statue |
| 41:58 | Obsidian Statue |
| 42:02 | Meat Wagon |
| 42:02 | Meat Wagon |
| 42:03 | Meat Wagon |
| 42:03 | Meat Wagon |
| 45:46 | Unholy Aura |
| Select group | 1391 |
| Right click | 977 |
| Select | 715 |
| Assign group | 388 |
| Misc. action | 327 |
| Build/train/purchase | 222 |
| Use ability | 141 |
| Resource trade | 18 |
| Remove unit | 17 |
| Item give/drop | 8 |
| Minimap ping | 1 |


| Lesser Clarity Potion | 2 | 140 |
| Staff of Preservation | 1 | 150 |
| Potion of Mana | 2 | 400 |
| Orb of Venom | 2 | 650 |
| Scroll of Town Portal | 2 | 700 |
| Staff of Teleportation | 1 | 150 |
| Boots of Speed | 1 | 250 |
| total: | 11 | 2440g |
| Wisp | 17 | 1020 | / | 0 |
| Archer | 12 | 1560 | / | 120 |
| Hippogryph | 15 | 2400 | / | 300 |
| Chimaera | 7 | 2310 | / | 490 |
| Goblin Shredder | 1 | 375 | / | 100 |
| Goblin Sapper | 3 | 645 | / | 300 |
| total: | 55 | 8310g | / | 1310w |
| Ancient Protector | 1 | 135 | / | 80 |
| Altar of Elders | 1 | 180 | / | 50 |
| Moon Well | 13 | 2340 | / | 520 |
| Ancient of War | 2 | 300 | / | 120 |
| Tree of Life | 5 | 1700 | / | 925 |
| Ancient of Wonders | 1 | 90 | / | 30 |
| Hunter's Hall | 1 | 210 | / | 100 |
| Ancient of Wind | 3 | 450 | / | 420 |
| Chimaera Roost | 4 | 560 | / | 760 |
| Tree of Ages | 2 | 640 | / | 360 |
| Tree of Eternity | 1 | 330 | / | 200 |
| total: | 31 | 5965g | / | 3005w |
| 0:02 | Wisp |
| 0:02 | Wisp |
| 0:06 | Altar of Elders |
| 0:18 | Moon Well |
| 0:21 | Wisp |
| 0:21 | Wisp |
| 0:36 | Ancient of War |
| 0:52 | Wisp |
| 0:52 | Wisp |
| 1:03 | Wisp |
| 1:28 | Moon Well |
| 1:31 | Wisp |
| 1:38 | Archer |
| 1:58 | Wisp |
| 1:58 | Wisp |
| 2:08 | Force of Nature |
| 2:21 | Archer |
| 2:43 | Wisp |
| 2:44 | Wisp |
| 2:44 | Wisp |
| 2:46 | Archer |
| 2:46 | Archer |
| 3:31 | Tree of Ages |
| 3:51 | Moon Well |
| 4:03 | Tree of Life |
| 4:06 | Entangling Roots |
| 4:51 | Ancient of Wonders |
| 5:36 | Archer |
| 5:38 | Force of Nature |
| 5:41 | Hunter's Hall |
| 6:03 | Goblin Shredder |
| 6:23 | Tree of Eternity |
| 6:25 | Improved Bows |
| 6:37 | Moon Well |
| 6:49 | Lesser Clarity Potion |
| 6:52 | Staff of Preservation |
| 6:55 | Strength of the Wild |
| 6:55 | Reinforced Hides |
| 7:12 | Ancient Protector |
| 7:13 | Nature's Blessing |
| 7:38 | Moon Well |
| 7:47 | Ancient of Wind |
| 7:54 | Ancient of Wind |
| 7:56 | Ancient of Wind |
| 8:22 | Improved Strength of the Wild |
| 8:28 | Strength of the Moon |
| 8:28 | Moon Armor |
| 8:33 | Archer |
| 8:37 | Ancient of War |
| 8:46 | Breath of Fire |
| 8:51 | Marksmanship |
| 9:26 | Archer |
| 9:49 | Well Spring |
| 9:50 | Improved Strength of the Moon |
| 9:51 | Wisp |
| 9:51 | Wisp |
| 9:51 | Wisp |
| 9:54 | Moon Well |
| 9:57 | Moon Well |
| 9:59 | Moon Well |
| 10:01 | Hippogryph |
| 10:01 | Hippogryph |
| 10:01 | Hippogryph |
| 10:23 | Archer |
| 10:24 | Hippogryph |
| 10:46 | Improved Moon Armor |
| 10:52 | Drunken Haze |
| 11:15 | Wisp |
| 11:56 | Entangling Roots |
| 12:21 | Advanced Strength of the Moon |
| 12:23 | Hippogryph |
| 12:24 | Hippogryph |
| 12:28 | Moon Well |
| 12:30 | Moon Well |
| 12:31 | Moon Well |
| 13:40 | Breath of Fire |
| 13:59 | Archer |
| 14:03 | Archer |
| 14:04 | Hippogryph |
| 14:07 | Advanced Moon Armor |
| 14:37 | Potion of Mana |
| 14:38 | Orb of Venom |
| 14:39 | Scroll of Town Portal |
| 14:51 | Hippogryph |
| 15:22 | Hippogryph |
| 15:22 | Hippogryph |
| 15:22 | Hippogryph |
| 16:36 | Orb of Venom |
| 16:37 | Potion of Mana |
| 17:03 | Hippogryph |
| 17:06 | Archer |
| 17:09 | Hippogryph |
| 17:42 | Staff of Teleportation |
| 17:49 | Boots of Speed |
| 18:27 | Goblin Sapper |
| 18:27 | Goblin Sapper |
| 18:27 | Goblin Sapper |
| 19:10 | Archer |
| 19:11 | Hippogryph |
| 19:24 | Chimaera Roost |
| 19:25 | Chimaera Roost |
| 19:53 | Scroll of Town Portal |
| 20:04 | Chimaera Roost |
| 20:13 | Hippogryph |
| 21:18 | Drunken Haze |
| 22:07 | Force of Nature |
| 22:38 | Chimaera Roost |
| 24:01 | Tree of Life |
| 24:03 | Corrosive Breath |
| 25:15 | Tree of Ages |
| 25:37 | Moon Well |
| 25:38 | Moon Well |
| 25:45 | Lesser Clarity Potion |
| 27:33 | Chimaera |
| 27:33 | Chimaera |
| 27:33 | Chimaera |
| 28:21 | Chimaera |
| 28:57 | Breath of Fire |
| 31:16 | Tree of Life |
| 32:40 | Tree of Life |
| 33:41 | Tree of Life |
| 41:23 | Chimaera |
| 41:24 | Chimaera |
| 41:24 | Chimaera |
| 45:36 | Tranquility |
| Right click | 2728 |
| Select group | 1615 |
| Select | 860 |
| Misc. action | 213 |
| Build/train/purchase | 120 |
| Use ability | 112 |
| Assign group | 73 |
| Minimap ping | 26 |
| Item give/drop | 7 |
| Esc | 5 |
| Remove unit | 2 |


| Staff of Preservation | 1 | 150 |
| Orb of Venom | 1 | 325 |
| Lesser Clarity Potion | 3 | 210 |
| Scroll of Healing | 1 | 250 |
| Scroll of Town Portal | 4 | 1400 |
| Staff of Teleportation | 1 | 150 |
| Boots of Speed | 1 | 250 |
| total: | 12 | 2735g |
| Wisp | 33 | 1980 | / | 0 |
| Archer | 11 | 1430 | / | 110 |
| Hippogryph | 6 | 960 | / | 120 |
| Mountain Giant | 4 | 1400 | / | 400 |
| Glaive Thrower | 3 | 630 | / | 195 |
| Chimaera | 2 | 660 | / | 140 |
| Goblin Shredder | 1 | 375 | / | 100 |
| total: | 60 | 7435g | / | 1065w |
| Altar of Elders | 1 | 180 | / | 50 |
| Moon Well | 8 | 1440 | / | 320 |
| Ancient of War | 2 | 300 | / | 120 |
| Ancient of Wonders | 5 | 450 | / | 150 |
| Hunter's Hall | 1 | 210 | / | 100 |
| Tree of Life | 7 | 2380 | / | 1295 |
| Ancient of Wind | 3 | 450 | / | 420 |
| Ancient of Lore | 3 | 465 | / | 435 |
| Chimaera Roost | 5 | 700 | / | 950 |
| Tree of Ages | 1 | 320 | / | 180 |
| Tree of Eternity | 1 | 330 | / | 200 |
| total: | 35 | 6575g | / | 3840w |
| 0:06 | Wisp |
| 0:06 | Wisp |
| 0:13 | Altar of Elders |
| 0:18 | Moon Well |
| 0:22 | Wisp |
| 0:27 | Wisp |
| 0:51 | Wisp |
| 1:01 | Ancient of War |
| 1:06 | Wisp |
| 1:15 | Wisp |
| 1:31 | Moon Well |
| 1:35 | Wisp |
| 1:46 | Wisp |
| 1:56 | Ancient of Wonders |
| 2:02 | Wisp |
| 2:03 | Archer |
| 2:11 | Trueshot Aura |
| 2:23 | Wisp |
| 2:25 | Archer |
| 2:36 | Archer |
| 2:37 | Wisp |
| 2:50 | Archer |
| 3:13 | Tree of Ages |
| 3:34 | Archer |
| 3:55 | Moon Well |
| 4:57 | Hunter's Hall |
| 5:07 | Searing Arrows |
| 5:21 | Goblin Shredder |
| 5:42 | Ancient of Wind |
| 5:43 | Ancient of Wind |
| 5:47 | Tree of Life |
| 5:56 | Ancient of Wind |
| 6:28 | Trueshot Aura |
| 6:42 | Improved Bows |
| 6:56 | Ancient of War |
| 6:59 | Hippogryph |
| 7:04 | Tree of Eternity |
| 7:07 | Moon Well |
| 7:14 | Ultravision |
| 7:22 | Archer |
| 7:39 | Hippogryph |
| 7:54 | Hippogryph |
| 8:18 | Wisp |
| 8:18 | Wisp |
| 8:21 | Nature's Blessing |
| 8:57 | Hippogryph |
| 9:42 | Hippogryph |
| 9:43 | Marksmanship |
| 9:50 | Drunken Haze |
| 10:22 | Archer |
| 10:23 | Hippogryph |
| 10:34 | Archer |
| 10:57 | Moon Well |
| 11:13 | Breath of Fire |
| 11:18 | Searing Arrows |
| 11:21 | Scroll of Healing |
| 11:54 | Moon Well |
| 11:56 | Strength of the Moon |
| 11:57 | Moon Armor |
| 11:57 | Well Spring |
| 12:08 | Breath of Fire |
| 13:01 | Wisp |
| 13:01 | Wisp |
| 13:01 | Wisp |
| 13:02 | Wisp |
| 13:05 | Ancient of Lore |
| 13:35 | Scroll of Town Portal |
| 13:36 | Staff of Preservation |
| 13:38 | Orb of Venom |
| 13:41 | Lesser Clarity Potion |
| 13:48 | Archer |
| 13:50 | Archer |
| 14:58 | Hardened Skin |
| 14:59 | Resistant Skin |
| 15:02 | Ancient of Lore |
| 16:24 | Ancient of Lore |
| 16:42 | Ancient of Wonders |
| 16:49 | Scroll of Town Portal |
| 17:08 | Strength of the Wild |
| 17:08 | Reinforced Hides |
| 17:10 | Mountain Giant |
| 17:33 | Mountain Giant |
| 17:44 | Staff of Teleportation |
| 18:13 | Boots of Speed |
| 18:24 | Mountain Giant |
| 18:30 | Moon Well |
| 18:31 | Moon Well |
| 19:00 | Mountain Giant |
| 19:02 | Improved Strength of the Wild |
| 19:26 | Wisp |
| 19:26 | Wisp |
| 19:27 | Wisp |
| 22:08 | Tree of Life |
| 22:21 | Trueshot Aura |
| 23:08 | Archer |
| 24:46 | Scroll of Town Portal |
| 28:10 | Drunken Haze |
| 30:12 | Wisp |
| 30:56 | Scroll of Town Portal |
| 30:57 | Advanced Strength of the Wild |
| 30:58 | Improved Reinforced Hides |
| 31:10 | Ancient of Wonders |
| 31:12 | Ancient of Wonders |
| 31:13 | Tree of Life |
| 31:20 | Ancient of Wonders |
| 32:14 | Glaive Thrower |
| 32:17 | Vorpal Blades |
| 32:33 | Breath of Fire |
| 33:07 | Glaive Thrower |
| 34:50 | Tree of Life |
| 35:42 | Wisp |
| 35:42 | Wisp |
| 35:42 | Wisp |
| 35:42 | Wisp |
| 35:54 | Tree of Life |
| 35:58 | Tree of Life |
| 36:05 | Tree of Life |
| 36:43 | Lesser Clarity Potion |
| 36:44 | Lesser Clarity Potion |
| 36:58 | Glaive Thrower |
| 38:32 | Wisp |
| 39:45 | Wisp |
| 39:45 | Wisp |
| 39:45 | Wisp |
| 39:46 | Wisp |
| 40:43 | Chimaera Roost |
| 40:50 | Chimaera Roost |
| 40:51 | Chimaera Roost |
| 40:52 | Chimaera Roost |
| 41:33 | Wisp |
| 41:53 | Wisp |
| 42:27 | Corrosive Breath |
| 42:31 | Chimaera Roost |
| 43:16 | Chimaera |
| 43:28 | Starfall |
| 45:11 | Chimaera |
| 45:43 | Storm Earth and Fire |
| Right click | 1959 |
| Select group | 1476 |
| Select | 679 |
| Build/train/purchase | 141 |
| Use ability | 96 |
| Assign group | 92 |
| Misc. action | 29 |
| Resource trade | 24 |
| Item give/drop | 13 |
| Minimap ping | 9 |


| Scroll of Speed | 2 | 100 |
| Orb of Lightning | 1 | 375 |
| Healing Salve | 1 | 100 |
| Scroll of Town Portal | 4 | 1400 |
| total: | 8 | 1975g |
| Peon | 15 | 1125 | / | 0 |
| Grunt | 8 | 1600 | / | 0 |
| Troll Headhunter | 6 | 840 | / | 120 |
| Demolisher | 6 | 1320 | / | 300 |
| Troll Berserker | 27 | 3780 | / | 540 |
| Shaman | 11 | 1430 | / | 220 |
| Troll Batrider | 3 | 480 | / | 120 |
| total: | 76 | 10575g | / | 1300w |
| Watch Tower | 7 | 770 | / | 560 |
| Altar of Storms | 1 | 180 | / | 50 |
| Orc Burrow | 9 | 1440 | / | 360 |
| Barracks | 2 | 360 | / | 100 |
| War Mill | 2 | 410 | / | 0 |
| Voodoo Lounge | 1 | 130 | / | 30 |
| Great Hall | 7 | 2695 | / | 1295 |
| Spirit Lodge | 1 | 150 | / | 150 |
| Beastiary | 2 | 290 | / | 280 |
| Stronghold | 2 | 630 | / | 380 |
| Fortress | 2 | 650 | / | 380 |
| total: | 32 | 6425g | / | 2825w |
| 0:03 | Peon |
| 0:04 | Peon |
| 0:09 | Altar of Storms |
| 0:14 | Orc Burrow |
| 0:15 | Peon |
| 0:38 | Barracks |
| 0:44 | Peon |
| 0:56 | Peon |
| 1:02 | Peon |
| 1:10 | Peon |
| 1:31 | Orc Burrow |
| 1:37 | Peon |
| 1:53 | Grunt |
| 2:15 | War Mill |
| 2:22 | War Mill |
| 2:26 | Feral Spirit |
| 2:40 | Grunt |
| 2:57 | Orc Burrow |
| 3:16 | Grunt |
| 3:39 | Troll Headhunter |
| 3:51 | Orc Burrow |
| 3:57 | Grunt |
| 4:15 | Troll Headhunter |
| 4:18 | Chain Lighting |
| 4:33 | Orc Burrow |
| 4:44 | Watch Tower |
| 4:50 | Steel Armor |
| 5:14 | Troll Headhunter |
| 5:25 | Voodoo Lounge |
| 5:30 | Feral Spirit |
| 5:53 | Steel Ranged Weapons |
| 5:54 | Spiked Barricades |
| 5:56 | Grunt |
| 6:02 | Peon |
| 6:21 | Barracks |
| 6:48 | Grunt |
| 7:16 | Peon |
| 7:20 | Grunt |
| 7:21 | Troll Headhunter |
| 7:49 | Watch Tower |
| 8:12 | Stronghold |
| 8:38 | Great Hall |
| 9:06 | Chain Lighting |
| 9:25 | Steel Melee Weapons |
| 10:12 | Watch Tower |
| 10:22 | Troll Headhunter |
| 10:23 | Grunt |
| 10:33 | Peon |
| 10:46 | Troll Regeneration |
| 10:49 | Fortress |
| 11:08 | Spirit Lodge |
| 12:06 | Troll Headhunter |
| 12:06 | Demolisher |
| 12:09 | Peon |
| 12:12 | Peon |
| 12:23 | Shaman Adept Training |
| 12:39 | Peon |
| 12:40 | Peon |
| 13:00 | Thorium Armor |
| 13:36 | Berserker Upgrade |
| 13:37 | Burning Oil |
| 13:57 | Great Hall |
| 14:22 | Troll Berserker |
| 14:47 | Troll Berserker |
| 15:36 | Troll Berserker |
| 15:55 | Stronghold |
| 16:43 | Troll Berserker |
| 16:43 | Troll Berserker |
| 17:05 | Shaman |
| 17:05 | Shaman |
| 17:05 | Shaman |
| 18:08 | Orc Burrow |
| 18:21 | Fortress |
| 18:25 | Scroll of Town Portal |
| 18:28 | Scroll of Speed |
| 18:45 | Thorium Ranged Weapons |
| 18:45 | Reinforced Defenses |
| 18:46 | Improved Spiked Barricades |
| 18:51 | Orc Burrow |
| 19:01 | Demolisher |
| 19:43 | Troll Berserker |
| 19:46 | Demolisher |
| 19:51 | Orc Burrow |
| 20:15 | Watch Tower |
| 20:29 | Demolisher |
| 20:40 | Thorium Melee Weapons |
| 21:25 | Feral Spirit |
| 22:03 | Troll Berserker |
| 22:04 | Troll Berserker |
| 23:28 | Orc Burrow |
| 23:45 | Great Hall |
| 23:48 | Troll Berserker |
| 24:15 | Troll Berserker |
| 24:17 | Shaman Master Training |
| 24:39 | Arcanite Ranged Weapons |
| 24:48 | Healing Wave |
| 24:55 | Scroll of Town Portal |
| 24:56 | Orb of Lightning |
| 24:57 | Scroll of Speed |
| 24:58 | Healing Salve |
| 25:10 | Troll Berserker |
| 25:37 | Shaman |
| 25:37 | Shaman |
| 25:37 | Shaman |
| 25:37 | Shaman |
| 25:47 | Demolisher |
| 25:47 | Demolisher |
| 25:47 | Troll Berserker |
| 25:47 | Troll Berserker |
| 25:47 | Troll Berserker |
| 28:24 | Troll Berserker |
| 28:24 | Troll Berserker |
| 28:24 | Troll Berserker |
| 28:24 | Troll Berserker |
| 28:24 | Troll Berserker |
| 28:26 | Troll Berserker |
| 28:26 | Troll Berserker |
| 31:35 | Troll Berserker |
| 31:35 | Troll Berserker |
| 31:35 | Troll Berserker |
| 31:35 | Troll Berserker |
| 31:37 | Shaman |
| 31:37 | Shaman |
| 31:37 | Shaman |
| 31:38 | Shaman |
| 33:23 | Troll Berserker |
| 33:23 | Troll Berserker |
| 34:07 | Scroll of Town Portal |
| 35:00 | Great Hall |
| 36:47 | Watch Tower |
| 36:59 | Great Hall |
| 38:14 | Great Hall |
| 38:54 | Watch Tower |
| 38:57 | Watch Tower |
| 41:05 | Scroll of Town Portal |
| 41:35 | Beastiary |
| 41:45 | Beastiary |
| 43:26 | Great Hall |
| 43:46 | Troll Batrider |
| 43:49 | Troll Batrider |
| 43:49 | Troll Batrider |
| 43:52 | Earth Quake |
| 45:29 | Healing Wave |
| 45:31 | Serpent Ward |
| Right click | 781 |
| Select | 640 |
| Build/train/purchase | 156 |
| Misc. action | 60 |
| Use ability | 21 |
| Minimap ping | 6 |
| Remove unit | 3 |
| Item give/drop | 1 |
181 units @ 19.1k
/ 3.3k
248 buildings @ 19.6k
/ 9k



| Scroll of Town Portal | 1 | 350 |
| total: | 1 | 350g |
| Peasant | 10 | 750 | / | 0 |
| Flying Machine | 32 | 3200 | / | 960 |
| Dragonhawk Rider | 9 | 1800 | / | 270 |
| total: | 51 | 5750g | / | 1230w |
| Scout Tower | 1 | 30 | / | 20 |
| Arcane Tower | 1 | 70 | / | 50 |
| Altar of Kings | 2 | 360 | / | 100 |
| Farm | 22 | 1760 | / | 440 |
| Lumber Mill | 1 | 120 | / | 0 |
| Blacksmith | 2 | 280 | / | 120 |
| Arcane Vault | 1 | 130 | / | 30 |
| Barracks | 1 | 160 | / | 60 |
| Workshop | 3 | 420 | / | 420 |
| Gryphon Aviary | 1 | 140 | / | 150 |
| Keep | 1 | 320 | / | 210 |
| Castle | 1 | 360 | / | 210 |
| total: | 34 | 3400g | / | 1340w |
| 0:03 | Peasant |
| 0:03 | Peasant |
| 0:06 | Altar of Kings |
| 0:09 | Farm |
| 0:10 | Farm |
| 0:24 | Peasant |
| 0:35 | Peasant |
| 0:47 | Lumber Mill |
| 0:50 | Peasant |
| 1:14 | Peasant |
| 1:32 | Peasant |
| 1:39 | Scout Tower |
| 1:44 | Peasant |
| 1:44 | Peasant |
| 1:48 | Improved Lumber Harvesting |
| 1:58 | Peasant |
| 2:09 | Storm Bolt |
| 2:12 | Arcane Tower |
| 2:51 | Keep |
| 4:13 | Blacksmith |
| 4:24 | Farm |
| 4:28 | Farm |
| 5:14 | Castle |
| 5:18 | Improved Masonry |
| 5:26 | Workshop |
| 5:29 | Workshop |
| 5:34 | Workshop |
| 5:41 | Farm |
| 5:42 | Farm |
| 5:42 | Farm |
| 5:47 | Gryphon Aviary |
| 6:19 | Holy Light |
| 6:22 | Advanced Masonry |
| 7:02 | Flak Cannons |
| 7:03 | Flying Machine |
| 7:04 | Flying Machine |
| 7:06 | Iron Forged Swords |
| 7:07 | Black Gunpowder |
| 7:09 | Blacksmith |
| 7:15 | Farm |
| 7:16 | Farm |
| 7:27 | Arcane Vault |
| 7:48 | Flying Machine |
| 7:48 | Flying Machine |
| 7:51 | Flying Machine Bombs |
| 7:58 | Farm |
| 8:01 | Farm |
| 8:03 | Farm |
| 8:08 | Refined Gunpowder |
| 9:27 | Flying Machine |
| 9:27 | Flying Machine |
| 9:31 | Cloud |
| 9:32 | Dragonhawk Rider |
| 9:32 | Dragonhawk Rider |
| 9:34 | Dragonhawk Rider |
| 9:38 | Iron Plating |
| 9:50 | Imbued Gunpowder |
| 9:57 | Flying Machine |
| 9:57 | Flying Machine |
| 9:58 | Flying Machine |
| 9:58 | Flying Machine |
| 9:58 | Flying Machine |
| 9:58 | Flying Machine |
| 9:58 | Flying Machine |
| 10:59 | Divine Shield |
| 11:15 | Flying Machine |
| 11:15 | Flying Machine |
| 11:17 | Farm |
| 11:18 | Farm |
| 11:18 | Farm |
| 12:05 | Barracks |
| 12:09 | Steel Plating |
| 12:10 | Studded Leather Armor |
| 17:21 | Mithril Plating |
| 17:21 | Reinforced Leather Armor |
| 17:25 | Animal War Training |
| 17:27 | Imbued Masonry |
| 17:49 | Flying Machine |
| 17:49 | Flying Machine |
| 17:49 | Flying Machine |
| 17:49 | Flying Machine |
| 17:49 | Flying Machine |
| 19:27 | Flying Machine |
| 19:27 | Flying Machine |
| 19:27 | Flying Machine |
| 19:35 | Flying Machine |
| 19:39 | Dragonhawk Rider |
| 19:39 | Dragonhawk Rider |
| 19:39 | Dragonhawk Rider |
| 19:39 | Dragonhawk Rider |
| 20:25 | Blizzard |
| 20:28 | Holy Light |
| 26:31 | Flying Machine |
| 26:34 | Dragonhawk Rider |
| 26:34 | Dragonhawk Rider |
| 29:53 | Divine Shield |
| 30:39 | Flying Machine |
| 30:39 | Flying Machine |
| 30:40 | Flying Machine |
| 30:40 | Flying Machine |
| 30:40 | Flying Machine |
| 30:40 | Flying Machine |
| 30:40 | Flying Machine |
| 32:32 | Scroll of Town Portal |
| 36:01 | Altar of Kings |
| 36:48 | Farm |
| 36:50 | Farm |
| 36:50 | Farm |
| 37:27 | Farm |
| 37:27 | Farm |
| 37:28 | Farm |
| 40:40 | Farm |
| Right click | 4894 |
| Select group | 3787 |
| Select | 655 |
| Minimap ping | 111 |
| Build/train/purchase | 104 |
| Assign group | 37 |
| Use ability | 35 |
| Resource trade | 29 |
| Misc. action | 16 |
| Chat | 11 |
| Esc | 3 |
| Item give/drop | 2 |
| Remove unit | 1 |
Cabeelibob
(194)
(45:50) : 
| Lesser Clarity Potion | 7 | 490 |
| Healing Salve | 4 | 400 |
| Orb of Lightning | 1 | 375 |
| Tiny Great Hall | 2 | 1200 |
| Staff of Teleportation | 1 | 150 |
| Boots of Speed | 1 | 250 |
| total: | 16 | 2865g |
| Peon | 40 | 3000 | / | 0 |
| Troll Witch Doctor | 8 | 1160 | / | 200 |
| total: | 48 | 4160g | / | 200w |
| Watch Tower | 33 | 3630 | / | 2640 |
| Altar of Storms | 4 | 720 | / | 200 |
| Orc Burrow | 3 | 480 | / | 120 |
| War Mill | 5 | 1025 | / | 0 |
| Great Hall | 2 | 770 | / | 370 |
| Voodoo Lounge | 4 | 520 | / | 120 |
| Spirit Lodge | 1 | 150 | / | 150 |
| Stronghold | 2 | 630 | / | 380 |
| Fortress | 2 | 650 | / | 380 |
| total: | 52 | 7295g | / | 3600w |
| 0:03 | Altar of Storms |
| 0:06 | Orc Burrow |
| 0:07 | Peon |
| 0:24 | Peon |
| 0:33 | Peon |
| 0:40 | Peon |
| 0:58 | War Mill |
| 0:59 | Peon |
| 1:13 | Orc Burrow |
| 1:26 | Peon |
| 1:39 | Peon |
| 1:59 | Peon |
| 2:07 | Wind Walk |
| 2:12 | Peon |
| 3:36 | Great Hall |
| 3:54 | Peon |
| 4:09 | Peon |
| 4:11 | Peon |
| 4:11 | Peon |
| 4:12 | Spiked Barricades |
| 4:30 | Voodoo Lounge |
| 4:54 | Great Hall |
| 5:04 | Peon |
| 5:04 | Peon |
| 5:30 | Critical Strike |
| 5:59 | Watch Tower |
| 6:01 | Watch Tower |
| 6:04 | Staff of Teleportation |
| 6:05 | Boots of Speed |
| 6:14 | Peon |
| 6:14 | Peon |
| 6:14 | Peon |
| 7:09 | Watch Tower |
| 7:09 | Watch Tower |
| 7:39 | Stronghold |
| 7:41 | Peon |
| 7:41 | Peon |
| 7:41 | Peon |
| 7:41 | Peon |
| 7:42 | Peon |
| 8:25 | Lesser Clarity Potion |
| 8:27 | Healing Salve |
| 8:35 | Watch Tower |
| 8:36 | Watch Tower |
| 8:36 | Watch Tower |
| 8:37 | Watch Tower |
| 8:40 | Peon |
| 10:06 | Fortress |
| 10:33 | Lesser Clarity Potion |
| 10:35 | Healing Salve |
| 11:14 | Reinforced Defenses |
| 12:10 | Altar of Storms |
| 12:18 | Watch Tower |
| 12:21 | Watch Tower |
| 12:37 | Spirit Lodge |
| 13:50 | War Mill |
| 14:09 | Witch Doctor Adept Training |
| 14:40 | War Mill |
| 14:48 | Lesser Clarity Potion |
| 14:50 | Orb of Lightning |
| 15:48 | Critical Strike |
| 15:50 | Witch Doctor Master Training |
| 15:51 | Troll Witch Doctor |
| 15:51 | Troll Witch Doctor |
| 15:51 | Troll Witch Doctor |
| 15:51 | Troll Witch Doctor |
| 16:13 | Watch Tower |
| 16:13 | Watch Tower |
| 17:08 | War Mill |
| 17:56 | Tiny Great Hall |
| 19:04 | Peon |
| 19:04 | Peon |
| 19:04 | Peon |
| 19:05 | Peon |
| 19:05 | Peon |
| 21:33 | Lesser Clarity Potion |
| 22:01 | Mirror Image |
| 22:16 | Healing Salve |
| 22:21 | Lesser Clarity Potion |
| 24:28 | Tiny Great Hall |
| 25:31 | Voodoo Lounge |
| 26:05 | Voodoo Lounge |
| 29:13 | Altar of Storms |
| 29:27 | Watch Tower |
| 29:27 | Watch Tower |
| 29:28 | Watch Tower |
| 29:29 | Watch Tower |
| 29:30 | Watch Tower |
| 29:39 | Stronghold |
| 30:24 | Watch Tower |
| 30:33 | Watch Tower |
| 30:34 | Watch Tower |
| 30:36 | Watch Tower |
| 30:37 | Watch Tower |
| 30:38 | Watch Tower |
| 30:42 | Watch Tower |
| 30:44 | Watch Tower |
| 30:45 | Watch Tower |
| 30:46 | Watch Tower |
| 30:47 | Watch Tower |
| 30:49 | Watch Tower |
| 30:58 | Voodoo Lounge |
| 31:02 | Troll Witch Doctor |
| 31:02 | Troll Witch Doctor |
| 31:02 | Troll Witch Doctor |
| 31:03 | Troll Witch Doctor |
| 31:34 | Orc Burrow |
| 31:49 | Watch Tower |
| 32:01 | Fortress |
| 32:19 | Watch Tower |
| 33:16 | Lesser Clarity Potion |
| 33:29 | War Mill |
| 35:12 | Watch Tower |
| 35:13 | Watch Tower |
| 35:24 | Critical Strike |
| 35:59 | Healing Salve |
| 36:08 | Peon |
| 36:08 | Peon |
| 36:08 | Peon |
| 36:08 | Peon |
| 36:08 | Peon |
| 40:14 | Altar of Storms |
| 42:03 | Peon |
| 42:04 | Peon |
| 42:04 | Peon |
| 43:33 | Peon |
| 43:33 | Peon |
| 43:33 | Peon |
| 43:40 | Lesser Clarity Potion |
| Right click | 1429 |
| Select | 362 |
| Select group | 203 |
| Resource trade | 142 |
| Build/train/purchase | 135 |
| Misc. action | 134 |
| Chat | 66 |
| Use ability | 21 |
| Item give/drop | 18 |
| Minimap ping | 9 |
| Assign group | 1 |
| Remove unit | 1 |



| Lesser Clarity Potion | 3 | 210 |
| Tiny Great Hall | 1 | 600 |
| total: | 4 | 810g |
| Peasant | 33 | 2475 | / | 0 |
| Goblin Shredder | 1 | 375 | / | 100 |
| total: | 34 | 2850g | / | 100w |
| Scout Tower | 71 | 2130 | / | 1420 |
| Arcane Tower | 1 | 70 | / | 50 |
| Guard Tower | 24 | 1680 | / | 1200 |
| Farm | 15 | 1200 | / | 300 |
| Altar of Kings | 1 | 180 | / | 50 |
| Lumber Mill | 4 | 480 | / | 0 |
| Town Hall | 1 | 385 | / | 205 |
| Keep | 1 | 320 | / | 210 |
| Castle | 1 | 360 | / | 210 |
| total: | 92 | 4375g | / | 1975w |
| 0:03 | Peasant |
| 0:03 | Peasant |
| 0:07 | Farm |
| 0:12 | Altar of Kings |
| 0:13 | Peasant |
| 0:24 | Peasant |
| 0:30 | Scout Tower |
| 0:37 | Peasant |
| 0:59 | Farm |
| 1:02 | Peasant |
| 1:10 | Arcane Tower |
| 1:30 | Peasant |
| 1:37 | Peasant |
| 1:41 | Scout Tower |
| 1:49 | Peasant |
| 2:19 | Thunder Clap |
| 2:32 | Lumber Mill |
| 3:05 | Scout Tower |
| 3:07 | Scout Tower |
| 3:08 | Scout Tower |
| 3:09 | Scout Tower |
| 3:18 | Peasant |
| 3:37 | Guard Tower |
| 3:39 | Peasant |
| 3:41 | Peasant |
| 3:51 | Scout Tower |
| 3:52 | Scout Tower |
| 3:52 | Scout Tower |
| 3:53 | Scout Tower |
| 3:55 | Guard Tower |
| 4:03 | Improved Lumber Harvesting |
| 4:10 | Keep |
| 4:14 | Farm |
| 4:18 | Improved Masonry |
| 4:23 | Guard Tower |
| 4:33 | Scout Tower |
| 4:33 | Scout Tower |
| 4:34 | Scout Tower |
| 4:34 | Scout Tower |
| 4:47 | Guard Tower |
| 4:51 | Scout Tower |
| 5:20 | Scout Tower |
| 5:24 | Guard Tower |
| 5:30 | Storm Bolt |
| 5:34 | Guard Tower |
| 5:38 | Scout Tower |
| 5:39 | Scout Tower |
| 5:43 | Scout Tower |
| 5:44 | Scout Tower |
| 5:58 | Guard Tower |
| 6:17 | Scout Tower |
| 6:19 | Scout Tower |
| 6:20 | Scout Tower |
| 6:35 | Guard Tower |
| 6:52 | Farm |
| 6:58 | Advanced Masonry |
| 6:59 | Castle |
| 7:18 | Scout Tower |
| 7:20 | Scout Tower |
| 7:37 | Holy Light |
| 7:55 | Guard Tower |
| 8:04 | Scout Tower |
| 8:07 | Scout Tower |
| 8:08 | Scout Tower |
| 8:12 | Scout Tower |
| 8:18 | Goblin Shredder |
| 8:37 | Lumber Mill |
| 9:20 | Imbued Masonry |
| 9:43 | Guard Tower |
| 10:27 | Brilliance Aura |
| 10:44 | Guard Tower |
| 10:52 | Scout Tower |
| 10:52 | Scout Tower |
| 10:53 | Scout Tower |
| 10:54 | Scout Tower |
| 10:55 | Scout Tower |
| 10:56 | Scout Tower |
| 10:57 | Scout Tower |
| 11:38 | Advanced Lumber Harvesting |
| 11:42 | Guard Tower |
| 12:01 | Scout Tower |
| 12:02 | Scout Tower |
| 12:03 | Scout Tower |
| 12:12 | Peasant |
| 12:12 | Peasant |
| 12:36 | Guard Tower |
| 12:46 | Guard Tower |
| 12:51 | Guard Tower |
| 12:57 | Scout Tower |
| 12:58 | Scout Tower |
| 12:59 | Scout Tower |
| 13:16 | Town Hall |
| 13:37 | Guard Tower |
| 13:39 | Scout Tower |
| 13:40 | Scout Tower |
| 13:45 | Scout Tower |
| 13:46 | Scout Tower |
| 13:47 | Scout Tower |
| 13:48 | Scout Tower |
| 13:59 | Guard Tower |
| 14:25 | Guard Tower |
| 14:34 | Peasant |
| 14:35 | Peasant |
| 14:35 | Peasant |
| 14:35 | Peasant |
| 14:35 | Peasant |
| 15:07 | Guard Tower |
| 15:21 | Scout Tower |
| 15:22 | Scout Tower |
| 15:23 | Scout Tower |
| 15:25 | Scout Tower |
| 15:26 | Scout Tower |
| 15:27 | Scout Tower |
| 16:13 | Guard Tower |
| 16:25 | Scout Tower |
| 16:25 | Scout Tower |
| 16:26 | Scout Tower |
| 16:31 | Scout Tower |
| 16:31 | Scout Tower |
| 16:58 | Lesser Clarity Potion |
| 16:58 | Lesser Clarity Potion |
| 17:34 | Guard Tower |
| 18:26 | Farm |
| 18:30 | Guard Tower |
| 18:32 | Farm |
| 18:33 | Farm |
| 18:34 | Farm |
| 19:17 | Lesser Clarity Potion |
| 19:42 | Peasant |
| 19:42 | Peasant |
| 19:42 | Peasant |
| 19:42 | Peasant |
| 20:21 | Peasant |
| 20:51 | Scout Tower |
| 20:54 | Scout Tower |
| 20:55 | Scout Tower |
| 20:56 | Scout Tower |
| 20:57 | Scout Tower |
| 20:59 | Peasant |
| 21:05 | Scout Tower |
| 21:43 | Holy Light |
| 23:38 | Thunder Clap |
| 26:32 | Tiny Great Hall |
| 27:36 | Brilliance Aura |
| 30:01 | Peasant |
| 30:01 | Peasant |
| 30:52 | Farm |
| 31:17 | Peasant |
| 31:17 | Peasant |
| 31:17 | Peasant |
| 31:19 | Peasant |
| 31:19 | Peasant |
| 31:19 | Peasant |
| 31:37 | Scout Tower |
| 31:38 | Scout Tower |
| 31:38 | Scout Tower |
| 31:39 | Scout Tower |
| 31:41 | Scout Tower |
| 31:42 | Scout Tower |
| 32:20 | Guard Tower |
| 32:34 | Divine Shield |
| 32:47 | Guard Tower |
| 33:52 | Farm |
| 33:52 | Farm |
| 33:57 | Farm |
| 33:57 | Farm |
| 36:34 | Farm |
| 36:34 | Farm |
| 39:11 | Lumber Mill |
| 41:08 | Lumber Mill |
| 42:01 | Thunder Clap |
| Right click | 2233 |
| Select | 636 |
| Select group | 178 |
| Build/train/purchase | 103 |
| Resource trade | 31 |
| Use ability | 28 |
| Assign group | 18 |
| Minimap ping | 10 |
| Esc | 7 |
| Misc. action | 6 |
| Item give/drop | 5 |
| Remove unit | 1 |
DudeWhy
(236)
(45:36) : 

| Boots of Speed | 2 | 500 |
| Healing Salve | 1 | 100 |
| Orb of Lightning | 1 | 375 |
| total: | 4 | 975g |
| Peasant | 19 | 1425 | / | 0 |
| Mortar Team | 20 | 3600 | / | 1400 |
| Flying Machine | 7 | 700 | / | 210 |
| Goblin Shredder | 1 | 375 | / | 100 |
| Goblin Zeppelin | 1 | 240 | / | 60 |
| total: | 48 | 6340g | / | 1770w |
| Scout Tower | 44 | 1320 | / | 880 |
| Arcane Tower | 2 | 140 | / | 100 |
| Guard Tower | 14 | 980 | / | 700 |
| Altar of Kings | 3 | 540 | / | 150 |
| Farm | 16 | 1280 | / | 320 |
| Lumber Mill | 2 | 240 | / | 0 |
| Town Hall | 2 | 770 | / | 410 |
| Blacksmith | 1 | 140 | / | 60 |
| Workshop | 2 | 280 | / | 280 |
| Keep | 2 | 640 | / | 420 |
| Castle | 2 | 720 | / | 420 |
| total: | 70 | 4570g | / | 2100w |
| 0:03 | Peasant |
| 0:09 | Peasant |
| 0:21 | Altar of Kings |
| 0:23 | Peasant |
| 0:33 | Farm |
| 0:34 | Peasant |
| 0:49 | Lumber Mill |
| 0:50 | Peasant |
| 0:51 | Peasant |
| 0:57 | Farm |
| 1:01 | Peasant |
| 1:16 | Peasant |
| 1:45 | Scout Tower |
| 1:47 | Peasant |
| 1:51 | Improved Lumber Harvesting |
| 1:52 | Peasant |
| 2:15 | Arcane Tower |
| 2:16 | Peasant |
| 2:39 | Storm Bolt |
| 3:07 | Town Hall |
| 3:33 | Peasant |
| 3:34 | Peasant |
| 3:35 | Improved Masonry |
| 4:01 | Peasant |
| 4:13 | Scout Tower |
| 4:14 | Scout Tower |
| 4:15 | Scout Tower |
| 4:16 | Scout Tower |
| 4:53 | Scout Tower |
| 4:54 | Scout Tower |
| 5:24 | Keep |
| 5:27 | Guard Tower |
| 5:29 | Scout Tower |
| 5:30 | Scout Tower |
| 5:30 | Scout Tower |
| 5:32 | Scout Tower |
| 5:32 | Scout Tower |
| 5:55 | Guard Tower |
| 5:57 | Scout Tower |
| 6:04 | Scout Tower |
| 6:05 | Scout Tower |
| 6:07 | Scout Tower |
| 6:07 | Scout Tower |
| 6:12 | Healing Salve |
| 6:18 | Bash |
| 6:19 | Bash |
| 6:34 | Guard Tower |
| 6:55 | Goblin Shredder |
| 7:22 | Guard Tower |
| 7:27 | Scout Tower |
| 7:27 | Scout Tower |
| 8:34 | Blacksmith |
| 9:08 | Castle |
| 10:20 | Guard Tower |
| 11:05 | Holy Light |
| 11:10 | Advanced Lumber Harvesting |
| 11:11 | Advanced Masonry |
| 11:14 | Guard Tower |
| 12:07 | Workshop |
| 12:10 | Black Gunpowder |
| 12:52 | Storm Bolt |
| 12:54 | Storm Bolt |
| 12:56 | Divine Shield |
| 12:57 | Storm Bolt |
| 13:35 | Scout Tower |
| 13:36 | Scout Tower |
| 13:36 | Scout Tower |
| 13:38 | Fragmentation Shards |
| 13:39 | Flare |
| 13:39 | Mortar Team |
| 13:39 | Mortar Team |
| 14:28 | Peasant |
| 14:28 | Peasant |
| 14:28 | Peasant |
| 14:28 | Peasant |
| 14:29 | Peasant |
| 14:46 | Refined Gunpowder |
| 14:48 | Mortar Team |
| 14:50 | Guard Tower |
| 15:16 | Goblin Zeppelin |
| 15:28 | Imbued Masonry |
| 15:52 | Mortar Team |
| 15:52 | Mortar Team |
| 16:09 | Divine Shield |
| 16:56 | Boots of Speed |
| 17:14 | Boots of Speed |
| 19:11 | Imbued Gunpowder |
| 19:52 | Farm |
| 19:52 | Farm |
| 19:53 | Farm |
| 19:54 | Farm |
| 21:27 | Mortar Team |
| 22:24 | Flying Machine |
| 22:26 | Flying Machine |
| 22:27 | Mortar Team |
| 23:55 | Thunder Clap |
| 23:57 | Bash |
| 24:06 | Holy Light |
| 24:32 | Guard Tower |
| 25:55 | Orb of Lightning |
| 30:40 | Workshop |
| 30:45 | Farm |
| 30:45 | Farm |
| 30:47 | Farm |
| 30:54 | Scout Tower |
| 30:55 | Scout Tower |
| 30:55 | Scout Tower |
| 30:56 | Scout Tower |
| 30:56 | Scout Tower |
| 30:57 | Scout Tower |
| 31:33 | Mortar Team |
| 31:33 | Mortar Team |
| 31:35 | Mortar Team |
| 31:37 | Mortar Team |
| 31:37 | Mortar Team |
| 31:48 | Iron Plating |
| 31:55 | Flak Cannons |
| 32:01 | Guard Tower |
| 32:02 | Scout Tower |
| 32:03 | Scout Tower |
| 32:03 | Scout Tower |
| 32:04 | Scout Tower |
| 32:05 | Scout Tower |
| 32:13 | Mortar Team |
| 32:35 | Guard Tower |
| 32:37 | Scout Tower |
| 32:38 | Scout Tower |
| 32:39 | Scout Tower |
| 32:39 | Scout Tower |
| 32:40 | Scout Tower |
| 33:11 | Guard Tower |
| 33:26 | Lumber Mill |
| 33:32 | Arcane Tower |
| 33:56 | Farm |
| 33:59 | Farm |
| 34:00 | Farm |
| 34:46 | Guard Tower |
| 35:35 | Altar of Kings |
| 35:38 | Altar of Kings |
| 37:15 | Farm |
| 37:17 | Farm |
| 39:54 | Town Hall |
| 41:14 | Mortar Team |
| 41:15 | Mortar Team |
| 41:15 | Mortar Team |
| 41:15 | Mortar Team |
| 41:20 | Keep |
| 41:23 | Mortar Team |
| 41:34 | Farm |
| 41:34 | Farm |
| 42:05 | Scout Tower |
| 42:06 | Scout Tower |
| 42:11 | Scout Tower |
| 42:11 | Scout Tower |
| 42:12 | Scout Tower |
| 42:12 | Scout Tower |
| 42:29 | Flying Machine |
| 42:29 | Flying Machine |
| 42:29 | Flying Machine |
| 42:39 | Guard Tower |
| 42:42 | Flying Machine |
| 42:42 | Flying Machine |
| 42:47 | Storm Bolt |
| 42:49 | Divine Shield |
| 43:23 | Guard Tower |
| 44:31 | Castle |
| 45:21 | Mortar Team |
| 45:21 | Mortar Team |
| Right click | 2367 |
| Select group | 544 |
| Select | 352 |
| Build/train/purchase | 120 |
| Use ability | 114 |
| Resource trade | 98 |
| Misc. action | 75 |
| Minimap ping | 22 |
| Assign group | 21 |
| Remove unit | 4 |
| Esc | 3 |
| Item give/drop | 2 |
⇛